 Dungeon Crawl Stone Soup version 0.28-a0-957-g42eb19b844 (console) character file.

Game seed: 1456721691923286451

18 petzl the Vexing (level 2, -1/18 HPs)
             Began as an Octopode Arcane Marksman on Nov 30, 2021.
             Succumbed to an adder's poison
             ... on level 2 of the Dungeon.
             The game lasted 00:01:38 (1320 turns).

petzl the Vexing (Octopode Arcane Marksman)         Turns: 1320, Time: 00:01:39

Health: -1/18      AC:  1    Str:  6 (9)  XL:     2   Next: 70%
Magic:  4/4        EV: 13    Int: 12 (15) God:
Gold:   41         SH:  0    Dex: 10 (12) Spells: 2/3 levels left

rFire   . . .      SeeInvis .   a - +0 hand crossbow
rCold   . . .      Faith    .   (no shield)
rNeg    . . .      Spirit   .   (helmet restricted)
rPois   .          Reflect  .   (no amulet)
rElec   .          Harm     .   (no ring)
rCorr   .          Rampage  .   (no ring)
Will    .....                   (no ring)
Stlth   ++........              (no ring)
HPRegen 0.06/turn               (no ring)
MPRegen 0.09/turn               (no ring)
                                (no ring)
                                (no ring)

@: lethally poisoned (-1 -> -9)
A: almost no armour, amphibious, 8 rings, camouflage 1, gelatinous body 1,
(nimble swimmer 1), tentacles
a: no special abilities


You were on level 2 of the Dungeon.
You visited 1 branch of the dungeon, and saw 2 of its levels.

You collected 41 gold pieces.

Inventory:

Hand Weapons
 a - a +0 hand crossbow (weapon)
Missiles
 c - 9 bolts (quivered ammo)
Jewellery
 f - a ring of ice
Scrolls
 b - a scroll of identify {unknown}
 d - a scroll of amnesia {unknown}
 e - a scroll of torment
 h - a scroll of teleportation {unknown}
 i - a scroll of fear {unknown}


   Skills:
 + Level 1.3 Fighting
 + Level 2.2 Crossbows
 + Level 2.2 Dodging
 + Level 1.2 Stealth
 + Level 1.3 Spellcasting
 - Level 3.0 Hexes


You had 2 spell levels left.
You knew the following spells:

 Your Spells              Type           Power      Damage    Failure   Level
a - Slow                  Hex            32%        N/A       9%          1

Your spell library contained the following spells:

 Spells                   Type           Power      Damage    Failure   Level
 Inner Flame              Hex/Fire       4%         N/A       43%         3
 Portal Projectile        Hex/Tloc       8%         N/A       43%         3
 Cause Fear               Hex            4%         N/A       63%         4


Dungeon Overview and Level Annotations

Branches:
Dungeon (2/15)

Altars:


Innate Abilities, Weirdness & Mutations

You cannot wear most types of armour.
You are amphibious.
You can wear up to eight rings at the same time.
Your skin changes colour to match your surroundings (Stealth+).
Your rubbery body absorbs attacks. (AC +1, EV +1)
((You are camouflaged near water. (Stealth+)))
You have tentacles for arms and can constrict up to eight enemies at once.


Message History

No target in view!
Magic restored.
c - 12 bolts (gained 1)
You see here a +0 dagger {!f =f}. 2 adders come into view.
Found a faded altar of an unknown god.
There are monsters nearby!
There are monsters nearby!
There are monsters nearby!
You shoot a bolt. The bolt hits the adder.
The adder hisses angrily.
The adder is heavily wounded.
You hear an angry hiss.
An adder comes into view.
The adder bites you.
You shoot a bolt. The bolt barely misses the adder.
The bolt hits the adder.
The adder is heavily wounded.
The adder bites you.
You are poisoned.
The adder poisons you! The adder misses you.
You are too injured to fight recklessly!
As you read the scroll labelled JINIHI FETIR, it crumbles to dust.
Your body is wracked with pain!
The adder convulses! x2; It was a scroll of torment.
* * * LOW HITPOINT WARNING * * *
You feel sick. The adder bites you.
* * * LOW HITPOINT WARNING * * *
You are more poisoned.
The adder poisons you!
Unknown command.
You are too injured to fight recklessly!
It was a potion of degeneration.
There was something very wrong with that liquid.
You feel weakened.
You feel dopey.
You feel clumsy.
* * * LOW HITPOINT WARNING * * *
You feel sick. The adder misses you.
Fire: 10 bolts
Press: ? - help, Q - select action, (/) - cycle Shift-Dir - straight line, f/p - adder
Aim: an adder (heavily wounded, 42% to hit)
You shoot a bolt. The bolt closely misses the adder.
You die...

### #.# #<# #.# #.# ###.#
..#.# #.#.# ## .# #.#.# .#
#. . #########.#.# ..#
..##. ........#.#.# ...#
... .........>#.# #..S. ...
..........#.# ##._.# #.#
######.#.#.# #.....####.#
#.#.#.#
#...#.#)#############.#.#.#
#.....(SS@...........#.#.#
##..#..#############.#.#.#
#..###.# ###.#.# ### ..#
#.#.# ...# #.#.# ....#
#####.#.# ####.# #.....#.#
#.# #.#####.# #.##....#
#####.##.####
#.####.....##.#
#.............#
#.####.########
#..........# #.#.######.#
#.#.# #.#.# #.#.# #.#.#


You could see 2 adders.

Vanquished Creatures
  3 endoplasms (D:1)
  A giant cockroach (D:1)
  A goblin (D:2)
  2 hobgoblins (D:1)
  2 ball pythons
  2 bats (D:1)
  2 frilled lizards (D:1)
  4 kobolds (D:1)
  A rat (D:1)
18 creatures vanquished.

Notes
Turn   | Place    | Note
-------+----------+-------------------------------------------
     0 | D:1      | petzl the Octopode Arcane Marksman began the quest for the
                  | Orb.
     0 | D:1      | Reached XP level 1. HP: 13/13 MP: 2/2
   212 | D:1      | Reached XP level 2. HP: 6/18 MP: 3/3
   663 | D:1      | Reached skill level 1 in Stealth
  1309 | D:2      | Found a faded altar of an unknown god.
  1320 | D:2      | Succumbed to an adder's poison

Illustrated notes

Levels and vault maps discovered:
D:1:      dpeg_arrival_fog, layout_loops_ring, kennysheep_flooded_box
D:2:      minmay_chambers_of_ones, layout_basic,
          nicolae_ecumenical_snake_handling

Skill      XL: |  1  2 |
---------------+-------+-----
Stealth        | 1 |  1.2
Fighting       | |  1.3
Crossbows      | |  2.2
Dodging        | |  2.2
Spellcasting   | |  1.3
Hexes          | |  3.0

Action                   || total
-------------------------++-------
 Fire: Hand crossbow     ||    37
  Use: Scroll            ||     1
       Potion            ||     1
Dodge: Dodged            ||     7

Table legend: (Time is in decaauts)
 A = Elapsed time spent in this place.
 B = Non-inter-level travel time spent in this place.
 C = Inter-level travel time spent in this place.
 D = Time resting spent in this place.
 E = Time spent auto-exploring this place.
 F = Levels seen in this place.
 G = Mean time per level.
                   A        B        C        D        E       F      G
               +--------+--------+--------+--------+--------+-----+--------+
         Total |   1334 |   1308 |     26 |    390 |    790 |   2 |  667.0 |
       Dungeon |   1334 |   1308 |     26 |    390 |    790 |   2 |  667.0 |
               +--------+--------+--------+--------+--------+-----+--------+

Top non-repeatable levels by time:
     D:1: 1193 daAuts
     D:2: 140 daAuts
